[Event "Titled Tuesday Blitz March 29 Early 2022"]
[White "Migot, Tangi"]
[Black "Hernandez Jimenez, Alexander Andres"]
[WhiteFideId "662445"]
[BlackFideId "3900452"]
[WhiteElo "2515"]
[BlackElo "2082"]
[Result "1-0"]
[Round "08"]
[TimeControl "180+1"]
[Date "2022.03.30"]
[WhiteClock "0:00:45"]
[BlackClock "0:00:10"]

1. d4 Nf6 2. Nf3 d5 3. Bf4 e6 4. e3 Be7 5. c4 O-O 6. Nc3 b6 7. cxd5 Nxd5 8. Nxd5 exd5 9. Qb3 Be6 10. Be2 c5 11. dxc5 bxc5 12. O-O Nd7 13. Rfd1 Qb6 14. Qc2 Rac8 15. Rab1 Rfd8 16. Ng5 Nf6 17. Nxe6 fxe6 18. b3 d4 19. Bc4 Nd5 20. Bxd5 exd5 21. exd4 cxd4 22. Qf5 Bf6 23. Be5 Bxe5 24. Qxe5 Rc2 25. Qxd4 Qxd4 26. Rxd4 Rxa2 27. g3 Rf8 28. Rf1 Rf5 29. b4 Rb2 30. g4 Re5 31. Ra1 g5 32. Rxa7 Re1+ 33. Kg2 Ree2 34. Rxd5 Rxf2+ 35. Kg1 Rg2+ 36. Kf1 Rgf2+ 37. Ke1 Rbe2+ 38. Kd1 Re8 39. Rxg5+ Kh8 40. Rh5 Rd8+ 41. Ke1 Rb2 42. Raxh7+ 1-0


[Site "https://www.chess.com"]

[Event "Titled Tuesday Blitz March 29 Early 2022"]
[White "Mikhalsky, Vladimir"]
[Black "Ardila, Oscar Humberto"]
[WhiteFideId "14144352"]
[BlackFideId "4404742"]
[WhiteElo "2301"]
[BlackElo "1966"]
[Result "1-0"]
[Round "08"]
[TimeControl "180+1"]
[Date "2022.03.30"]
[WhiteClock "0:01:08"]
[BlackClock "0:00:19"]

1. c4 Nf6 2. Nc3 e6 3. e4 d6 4. d4 Be7 5. f4 c5 6. d5 exd5 7. cxd5 O-O 8. Nf3 b5 9. Bxb5 Bd7 10. e5 Ne8 11. O-O Bxb5 12. Nxb5 Qb6 13. Nc3 c4+ 14. Kh1 Nd7 15. Qe2 Rc8 16. Be3 Qb7 17. Bd4 Nb6 18. Qe4 Nc7 19. exd6 Bxd6 20. Ng5 f5 21. Qf3 Nbxd5 22. Qh5 h6 23. Qg6 Nf6 24. Bxf6 Rxf6 25. Qh7+ Kf8 26. Qh8+ Ke7 27. Qxg7+ Kd8 28. Qxf6+ Be7 29. Rad1+ Ke8 30. Qf7# 1-0


[Site "https://www.chess.com"]

[Event "Titled Tuesday Blitz March 29 Early 2022"]
[White "Mirzoev, Azer"]
[Black "Derjabin, Ilja"]
[WhiteFideId "13400304"]
[BlackFideId "14104768"]
[WhiteElo "2525"]
[BlackElo "2341"]
[Result "1-0"]
[Round "08"]
[TimeControl "180+1"]
[Date "2022.03.29"]
[WhiteClock "0:00:10"]
[BlackClock "0:00:02"]

1. Nf3 c5 2. e3 g6 3. d4 Bg7 4. dxc5 Na6 5. c4 Nxc5 6. Be2 Nf6 7. O-O O-O 8. Nc3 d6 9. Nd4 a6 10. b3 e5 11. Nf3 Bg4 12. Bb2 e4 13. Ne1 Bxe2 14. Nxe2 b5 15. Rc1 bxc4 16. Rxc4 Qa5 17. Rc2 Rfd8 18. Nf4 Ne6 19. Nxe6 fxe6 20. Rd2 d5 21. Nc2 Qxa2 22. Nb4 Qa5 23. Nc6 Qb5 24. Nxd8 Rxd8 25. Qa1 Nh5 26. Bxg7 Nxg7 27. Qc3 Rb8 28. Rb1 Nf5 29. h3 Rb7 30. Qe5 Qc6 31. Rdd1 Qd6 32. Qf6 Rf7 33. Qc3 Nh4 34. Rbc1 h5 35. Qc8+ Kg7 36. Qc6 Qe7 37. Qc3+ Kh7 38. Qe5 Nf5 39. Rc6 Qg5 40. Rxe6 d4 41. exd4 e3 42. fxe3 Rb7 43. Qf4 1-0


[Site "https://www.chess.com"]

[Event "Titled Tuesday Blitz March 29 Early 2022"]
[White "Muradov, Soltan"]
[Black "Cramling Bellon, Anna"]
[WhiteFideId "14002108"]
[BlackFideId "32009232"]
[WhiteElo "1854"]
[BlackElo "1905"]
[Result "1-0"]
[Round "08"]
[TimeControl "180+1"]
[Date "2022.03.30"]
[WhiteClock "0:00:23"]
[BlackClock "0:00:02"]

1. Nf3 d5 2. b3 c5 3. e3 Nc6 4. d3 e5 5. Bb2 Qc7 6. Be2 Nf6 7. O-O Be7 8. Nbd2 O-O 9. a3 e4 10. Ne1 Be6 11. c4 exd3 12. Bxd3 Rfd8 13. Qe2 Ne5 14. Bxe5 Qxe5 15. Nef3 Qh5 16. Rad1 dxc4 17. Bxc4 Bg4 18. h3 Bxf3 19. Nxf3 Ne4 20. Qc2 Qf5 21. Rxd8+ Rxd8 22. Bd3 Rxd3 23. Qxd3 h5 24. Rd1 g6 25. Qd7 Bf6 26. Qxf5 gxf5 27. Rd5 Nc3 28. Rxf5 Nd5 29. Rxd5 Bb2 1-0


[Site "https://www.chess.com"]

[Event "Titled Tuesday Blitz March 29 Early 2022"]
[White "Nozdrachev, Leonid"]
[Black "Bacrot, Etienne"]
[WhiteFideId "24113433"]
[BlackFideId "605506"]
[WhiteElo "2118"]
[BlackElo "2673"]
[Result "0-1"]
[Round "08"]
[TimeControl "180+1"]
[Date "2022.03.29"]
[WhiteClock "0:00:46"]
[BlackClock "0:01:20"]

1. e4 c5 2. c3 Nf6 3. e5 Nd5 4. Nf3 d6 5. d4 cxd4 6. cxd4 Nc6 7. Bc4 Nb6 8. Bb5 Bd7 9. e6 Bxe6 10. Nc3 Nd5 11. Qa4 Qb6 12. Ng5 Nxc3 13. bxc3 Bd7 14. d5 Ne5 15. Bxd7+ Nxd7 16. Nxf7 Qc7 17. Nxh8 Qxc3+ 18. Ke2 Qxa1 19. Qc2 Qe5+ 20. Be3 g6 21. Nxg6 Qh5+ 22. f3 Qxg6 23. Qb3 Rc8 24. g4 Qc2+ 25. Bd2 Qxb3 26. axb3 Nf6 0-1


[Site "https://www.chess.com"]

[Event "Titled Tuesday Blitz March 29 Early 2022"]
[White "Obolentseva, Alexandra"]
[Black "Pourkashiyan, Atousa"]
[WhiteFideId "24153648"]
[BlackFideId "12502014"]
[WhiteElo "2113"]
[BlackElo "2247"]
[Result "0-1"]
[Round "08"]
[TimeControl "180+1"]
[Date "2022.03.30"]
[WhiteClock "0:00:14"]
[BlackClock "0:00:17"]

1. d4 Nf6 2. c4 e6 3. Nf3 d5 4. g3 Bb4+ 5. Bd2 Be7 6. Bg2 O-O 7. O-O c6 8. Nc3 Nbd7 9. b3 b6 10. Qc2 Ba6 11. Nd1 Rc8 12. Ne3 c5 13. dxc5 Nxc5 14. Rfd1 Nce4 15. Be1 Qc7 16. Nd4 Bc5 17. cxd5 exd5 18. Rac1 Qe5 19. Nf3 Qh5 20. Qb2 Bxe3 21. fxe3 Ng4 22. Rxc8 Rxc8 23. Qd4 Bxe2 24. Qxd5 Qxd5 25. Rxd5 h6 26. Rd4 f5 27. Bd2 Rc2 28. h3 Bxf3 29. Bxf3 Nxd2 30. Bd5+ Kf8 31. hxg4 fxg4 32. Rf4+ Ke7 33. Rf2 Rxa2 34. Kg2 Rb2 35. e4 Kd6 36. Re2 a5 37. Rf2 Ke5 38. Rf5+ Kd4 39. Rf2 b5 40. Bc6 Kc5 41. Bd5 a4 42. bxa4 bxa4 43. Bg8 a3 44. e5 Nf3 45. e6 Rxf2+ 46. Kxf2 Kd6 47. e7 Kxe7 48. Ke3 Kf6 49. Kf4 h5 50. Ba2 g5+ 51. Ke4 Nd2+ 52. Kd3 Nf1 53. Ke2 Nxg3+ 54. Kf2 Nf5 55. Kg2 g3 56. Kh3 h4 57. Kg4 Nd4 58. Bc4 Nc2 59. Bb3 Nb4 60. Kh3 a2 61. Bxa2 Nxa2 62. Kg2 Nc3 63. Kh3 Nd5 64. Kg2 Nf4+ 65. Kg1 h3 66. Kh1 Kf5 67. Kg1 Kg4 68. Kh1 Nd5 69. Kg1 Kf3 70. Kh1 g2+ 71. Kg1 Ke3 72. Kh2 Kf2 73. Kxh3 g4+ 74. Kh4 g1=Q 75. Kg5 g3 76. Kf5 g2 77. Ke6 Ne3 0-1


[Site "https://www.chess.com"]

[Event "Titled Tuesday Blitz March 29 Early 2022"]
[White "Omariev, Maksim"]
[Black "Gaehwiler, Gabriel"]
[WhiteFideId "4193423"]
[BlackFideId "1314530"]
[WhiteElo "2526"]
[BlackElo "2383"]
[Result "0-1"]
[Round "08"]
[TimeControl "180+1"]
[Date "2022.03.30"]
[WhiteClock "0:00:01"]
[BlackClock "0:00:16"]

1. g4 d5 2. Bg2 c6 3. h3 e5 4. d4 e4 5. c4 Bd6 6. Nc3 Ne7 7. Qb3 O-O 8. Bg5 f6 9. cxd5 cxd5 10. Bd2 Nbc6 11. Nxd5 Be6 12. Nxe7+ Qxe7 13. d5 Bf7 14. Bc3 Nb4 15. O-O-O a5 16. Bxb4 axb4 17. Kb1 Ra5 18. f3 e3 19. f4 Rfa8 20. Nf3 Qe4+ 21. Qd3 Qxd3+ 22. Rxd3 Rxa2 23. Nd4 Bxf4 24. Kc2 R2a5 25. Nf5 Re8 26. Kb3 g6 27. Nd4 Bd6 28. Nf3 Rc5 0-1


[Site "https://www.chess.com"]

[Event "Titled Tuesday Blitz March 29 Early 2022"]
[White "Omelja, Artem"]
[Black "Kosteniuk, Alexandra"]
[WhiteFideId "14119846"]
[BlackFideId "4128125"]
[WhiteElo "2382"]
[BlackElo "2469"]
[Result "1-0"]
[Round "08"]
[TimeControl "180+1"]
[Date "2022.03.30"]
[WhiteClock "0:00:05"]
[BlackClock "0:00:10"]

1. d4 Nf6 2. c4 e6 3. Nf3 c5 4. d5 b5 5. dxe6 fxe6 6. cxb5 a6 7. bxa6 d5 8. Bg5 Bxa6 9. e3 Bxf1 10. Kxf1 Be7 11. Nc3 O-O 12. g3 Nc6 13. Kg2 d4 14. exd4 cxd4 15. Nb5 e5 16. Re1 Qd5 17. Qb3 Qxb3 18. axb3 Rxa1 19. Rxa1 Rb8 20. Na7 Nb4 21. Nxe5 Ra8 22. Ra4 d3 23. Nac6 Rxa4 24. bxa4 Nxc6 25. Nxc6 Bc5 26. Kf1 Ne4 27. Be3 d2 28. Ke2 Kf7 29. Bxc5 Nxc5 30. a5 Ke6 31. b4 Ne4 32. a6 Nxf2 33. Kxd2 Ne4+ 34. Ke3 Nc3 35. a7 Nd5+ 36. Kd4 Nc7 37. Kc5 Kd7 38. b5 Kc8 39. b6 Na8 40. Na5 1-0


[Site "https://www.chess.com"]

[Event "Titled Tuesday Blitz March 29 Early 2022"]
[White "Ovezdurdyyeva, Jemal"]
[Black "Guseva, Marina"]
[WhiteFideId "14001888"]
[BlackFideId "4149351"]
[WhiteElo "1946"]
[BlackElo "2160"]
[Result "1-0"]
[Round "08"]
[TimeControl "180+1"]
[Date "2022.03.30"]
[WhiteClock "0:00:08"]
[BlackClock "0:00:02"]

1. e4 c5 2. Nf3 Nc6 3. d4 cxd4 4. Nxd4 Nf6 5. Nc3 e5 6. Ndb5 d6 7. a4 a6 8. Na3 Bg4 9. f3 Be6 10. Be3 Rc8 11. Bc4 Nb4 12. Nd5 Nbxd5 13. exd5 Bxd5 14. Bxd5 Qa5+ 15. b4 Qxd5 16. Qe2 Qc6 17. O-O Qxa4 18. f4 e4 19. Bd4 d5 20. Rfb1 Qc6 21. b5 axb5 22. Rxb5 Be7 23. Rb6 Qa4 24. Nb5 Qc4 25. Qxc4 dxc4 26. Rxb7 Kf8 27. Raa7 Re8 28. Nc7 Rd8 29. c3 Kg8 30. Ne6 fxe6 31. Rxe7 Nh5 32. Bxg7 Nxg7 33. Rxg7+ Kf8 34. Raf7+ Ke8 35. Rxh7 Rxh7 36. Rxh7 e3 37. Kf1 Rd2 38. Rh3 Rd3 39. Ke2 Rxc3 40. Rxe3 Rc2+ 41. Kf3 c3 42. h4 Kf7 43. g4 1-0


[Site "https://www.chess.com"]

[Event "Titled Tuesday Blitz March 29 Early 2022"]
[White "Perez Ponsa, Federico"]
[Black "Le, Tuan Minh"]
[WhiteFideId "117927"]
[BlackFideId "12401153"]
[WhiteElo "2672"]
[BlackElo "2450"]
[Result "0-1"]
[Round "08"]
[TimeControl "180+1"]
[Date "2022.03.29"]
[WhiteClock "0:00:05"]
[BlackClock "0:00:09"]

1. d4 d5 2. c4 c6 3. cxd5 cxd5 4. Bf4 Nf6 5. e3 Nc6 6. Nc3 Bg4 7. Qb3 Na5 8. Bb5+ Bd7 9. Qa4 Nc6 10. Qc2 Rc8 11. Nf3 e6 12. O-O Be7 13. Rac1 O-O 14. Qe2 Qb6 15. Bd3 Rfd8 16. Ne5 Be8 17. h3 Nxe5 18. Bxe5 Nd7 19. Bg3 Nf8 20. Rc2 Bd6 21. Bxd6 Qxd6 22. Rfc1 g6 23. g3 a6 24. Kg2 Rc6 25. Qd2 Rdc8 26. Ne2 Rxc2 27. Rxc2 Rxc2 28. Qxc2 Bc6 29. a3 Nd7 30. Qc3 e5 31. b4 h5 32. h4 Qf6 33. dxe5 d4+ 34. e4 Nxe5 35. Nxd4 Nf3 36. Ne2 Qxc3 37. Nxc3 Ne1+ 38. Kf1 Nxd3 39. Ke2 Ne5 40. a4 f6 41. b5 axb5 42. axb5 Bd7 43. Ke3 Kf7 44. Kd4 g5 45. hxg5 Nf3+ 46. Kc5 fxg5 47. Nd1 h4 48. gxh4 gxh4 49. Ne3 h3 50. Nf1 Ne5 51. Nh2 Nd3+ 52. Kb6 Nxf2 53. Kxb7 Bxb5 54. Kc7 Ke6 55. Kb6 Be2 56. Kc5 Ke5 0-1


[Site "https://www.chess.com"]

[Event "Titled Tuesday Blitz March 29 Early 2022"]
[White "Petrova, Irina"]
[Black "Biletskiy, Danylo"]
[WhiteFideId "14124122"]
[BlackFideId "14155419"]
[WhiteElo "1993"]
[BlackElo "2087"]
[Result "0-1"]
[Round "08"]
[TimeControl "180+1"]
[Date "2022.03.30"]
[WhiteClock "0:00:02"]
[BlackClock "0:00:12"]

1. e4 d5 2. exd5 Nf6 3. Nc3 Nxd5 4. Nf3 Nc6 5. Be2 g6 6. Nxd5 Qxd5 7. d4 Bg7 8. c3 O-O 9. O-O Bf5 10. Bf4 Rac8 11. Qb3 Rfd8 12. Bc4 Qe4 13. Bxf7+ Kh8 14. Bg3 e6 15. Ng5 Qd5 16. Bxe6 Bxe6 17. Nxe6 Qxb3 18. axb3 Rd7 19. Nxg7 Kxg7 20. Rfe1 a6 21. Be5+ Kf7 22. f4 Ne7 23. g4 c5 24. Kg2 Nd5 25. Kf3 cxd4 26. Bxd4 Nb4 27. Re2 Nc6 28. Bc5 Rd3+ 29. Re3 Rd2 30. Re2 Rd3+ 31. Re3 Rd2 32. Ba3 a5 33. Rae1 b5 34. Bc5 Rxb2 35. b4 axb4 36. cxb4 Rxh2 37. g5 Rh3+ 38. Kg4 Rxe3 39. Rxe3 Rc7 40. f5 gxf5+ 41. Kxf5 Nd8 42. Ra3 Ne6 43. Be3 Ng7+ 44. Kg4 Rc4+ 45. Kf3 Rxb4 46. Ra7+ Kg6 47. Ra6+ Kf5 48. Rf6+ Ke5 49. Rf7 Nf5 0-1


[Site "https://www.chess.com"]

[Event "Titled Tuesday Blitz March 29 Early 2022"]
[White "Piesik, Piotr"]
[Black "FGHSMN"]
[WhiteFideId "1136194"]
[WhiteElo "2190"]
[BlackElo "2768"]
[Result "1-0"]
[Round "08"]
[TimeControl "180+1"]
[Date "2022.03.29"]
[WhiteClock "0:00:20"]
[BlackClock "0:00:18"]

1. Nf3 d5 2. g3 g6 3. Bg2 Bg7 4. d4 c6 5. O-O Nf6 6. c4 dxc4 7. Na3 b5 8. b3 cxb3 9. Qxb3 O-O 10. Bb2 a6 11. Ne5 Bb7 12. Rfd1 Nbd7 13. Nxc6 Bxc6 14. Bxc6 Rb8 15. Nc2 Nb6 16. Rac1 Nc4 17. Bg2 Nxb2 18. Qxb2 Qd6 19. Qb4 Qe6 20. Ne3 Qxa2 21. Rd2 Qa4 22. Qxa4 bxa4 23. Ra2 Rb4 24. Bc6 Rxd4 25. Rc4 Rxc4 26. Nxc4 Rc8 27. Na5 Ne8 28. Rxa4 Nc7 29. Bb7 Rd8 30. Nc6 Rd6 31. Nxe7+ Kf8 32. Nc8 Re6 33. e3 Ke8 34. Na7 Kd7 35. Bc8+ Kd6 36. Bxe6 Kxe6 37. Nc6 Bf8 38. Nb8 Bd6 39. Nxa6 Nd5 40. Rc4 h5 41. Nc5+ Ke7 42. Ne4 Ba3 43. Kg2 Bb2 44. Ra4 Kf8 45. Ra7 Ne7 46. Nd6 Be5 47. Nc4 Bf6 48. h3 Nf5 49. Ra6 Bc3 50. Nd6 Ne7 51. Ra8+ Kg7 52. Ne8+ Kf8 53. Nc7+ Kg7 54. Nb5 Bf6 55. f4 g5 56. Nd6 Bc3 57. Ne4 Bb2 58. Nxg5 Nf5 59. Kf3 Bc1 60. Ra7 Nxe3 61. Rxf7+ Kg6 62. Rc7 Bd2 63. Ne4 Nf1 64. Rc6+ Kf7 65. Rc2 Ba5 66. Rf2 Nxg3 67. Nxg3 Kg6 68. Rc2 Bc7 69. Rxc7 1-0


[Site "https://www.chess.com"]

[Event "Titled Tuesday Blitz March 29 Early 2022"]
[White "Posthuma, Joshua"]
[Black "Caruana, Fabiano"]
[WhiteFideId "2096889"]
[BlackFideId "2020009"]
[WhiteElo "2176"]
[BlackElo "2744"]
[Result "0-1"]
[Round "08"]
[TimeControl "180+1"]
[Date "2022.03.29"]
[WhiteClock "0:00:01"]
[BlackClock "0:00:13"]

1. d4 Nf6 2. c4 Nc6 3. Nf3 e6 4. g3 g6 5. Bg2 Bg7 6. O-O d6 7. Nc3 O-O 8. b3 Re8 9. Bb2 e5 10. dxe5 dxe5 11. Qxd8 Rxd8 12. Rfd1 Bf5 13. Nd5 Ne8 14. Ng5 f6 15. Ne4 Bxe4 16. Bxe4 Kf7 17. g4 Bf8 18. Rd2 Bb4 19. Rd3 Bc5 20. Rad1 Rac8 21. b4 Bf8 22. b5 Nd4 23. Bxd4 exd4 24. Rxd4 Bc5 25. R4d3 Nd6 26. Nc3 Re8 27. Bd5+ Kg7 28. Na4 b6 29. Nxc5 bxc5 30. e3 Rcd8 31. Bc6 Rf8 32. Rc1 f5 33. h3 fxg4 34. hxg4 Nf7 35. Ra3 Ne5 36. Rxa7 Rd2 0-1


[Site "https://www.chess.com"]

[Event "Titled Tuesday Blitz March 29 Early 2022"]
[White "Rastbod, Ali"]
[Black "Shuvalov, Evgenij"]
[WhiteFideId "12567477"]
[BlackFideId "4187237"]
[WhiteElo "2660"]
[BlackElo "2489"]
[Result "1-0"]
[Round "08"]
[TimeControl "180+1"]
[Date "2022.03.30"]
[WhiteClock "0:02:15"]
[BlackClock "0:01:18"]

1. e4 e6 2. d4 d5 3. Nc3 Bb4 4. exd5 exd5 5. Bd3 Nc6 6. Nf3 Bg4 7. O-O Nxd4 8. Qe1+ Ne6 9. Ne5 d4 10. a3 Bd6 11. Nd5 Nf6 12. Nxf6+ gxf6 13. Nxg4 h5 14. Nh6 Kf8 15. Nf5 Bf4 16. Bxf4 Nxf4 17. Qb4+ Kg8 18. Qxd4 Qxd4 19. Nxd4 Nxd3 20. cxd3 Rd8 21. Nb5 c6 22. Nc3 Rxd3 23. Rad1 Rxd1 24. Rxd1 Kg7 25. Rd7 Rb8 26. f3 Kf8 27. Ne4 Kg7 28. Nd6 1-0


[Site "https://www.chess.com"]

[Event "Titled Tuesday Blitz March 29 Early 2022"]
[White "Ravi, Teja S."]
[Black "Vestby-Ellingsen, Mads"]
[WhiteFideId "5017220"]
[BlackFideId "1520857"]
[WhiteElo "2412"]
[BlackElo "2232"]
[Result "1-0"]
[Round "08"]
[TimeControl "180+1"]
[Date "2022.03.30"]
[WhiteClock "0:00:57"]
[BlackClock "0:00:02"]

1. e4 e6 2. d4 d5 3. Bd3 c5 4. exd5 exd5 5. Nf3 c4 6. Be2 Bd6 7. O-O Ne7 8. b3 cxb3 9. axb3 O-O 10. c4 Nbc6 11. c5 Bc7 12. Bg5 f6 13. Bh4 Nf5 14. Bg3 Bxg3 15. hxg3 b6 16. Nc3 bxc5 17. dxc5 Be6 18. Nb5 Bf7 19. g4 Nh6 20. Nfd4 Nxd4 21. Nxd4 a5 22. Bf3 Qc7 23. c6 Rab8 24. Ra4 Rfe8 25. Qd3 Kh8 26. Rc1 Bg6 27. Qd2 Be4 28. Qxa5 Qf4 29. Ne2 Qd6 30. c7 Bxf3 31. cxb8=Q Qxb8 32. gxf3 Rxe2 33. Qa8 Re8 34. Qxb8 Rxb8 35. Rca1 Ng8 36. Ra8 Rxb3 37. Rc1 h6 38. Rcc8 Kh7 39. Rxg8 Rxf3 40. Rgd8 Rf4 41. Rxd5 Rxg4+ 42. Kh2 Rg6 43. Rd7 Rg5 44. Ra3 Rg4 45. Rg3 Rxg3 46. fxg3 h5 47. Kg2 Kh6 48. Kf3 g6 49. Kf4 g5+ 50. Kf5 h4 51. g4 h3 52. Kxf6 h2 53. Rd1 Kh7 54. Rh1 Kh6 55. Rxh2# 1-0


[Site "https://www.chess.com"]

[Event "Titled Tuesday Blitz March 29 Early 2022"]
[White "Reprintsev, Alexander"]
[Black "De Silva, L M S T"]
[WhiteFideId "14100541"]
[BlackFideId "9953698"]
[WhiteElo "2108"]
[BlackElo "1631"]
[Result "1-0"]
[Round "08"]
[TimeControl "180+1"]
[Date "2022.03.29"]
[WhiteClock "0:01:57"]
[BlackClock "0:01:37"]

1. e4 h5 2. d4 h4 3. Nc3 g6 4. Bc4 e6 5. Nf3 h3 6. g3 Bg7 7. Bg5 Ne7 8. Qd2 d6 9. O-O-O a6 10. e5 d5 11. Bf1 b5 12. Ne2 Bb7 13. Nf4 Nd7 14. Bxh3 Nf8 15. Bg4 Qd7 16. h4 Nf5 17. h5 Bh6 18. hxg6 Nxg6 19. Nxg6 fxg6 20. Bxh6 O-O-O 21. Bg5 Rdf8 22. Bf6 Rhg8 23. Ng5 Qc6 24. Qc3 Qb6 25. Qc5 Qa5 26. a3 Kb8 27. Rh7 Rc8 28. Nxe6 Nd6 29. exd6 cxd6 30. Qxd6+ Ka8 31. Nc7+ Ka7 32. Qc5+ Kb8 33. Be5 1-0


[Site "https://www.chess.com"]

[Event "Titled Tuesday Blitz March 29 Early 2022"]
[White "Ronka, Erik"]
[Black "Mika, Tomasz"]
[WhiteFideId "505080"]
[BlackFideId "1132970"]
[WhiteElo "2264"]
[BlackElo "2116"]
[Result "1/2-1/2"]
[Round "08"]
[TimeControl "180+1"]
[Date "2022.03.30"]
[WhiteClock "0:00:10"]
[BlackClock "0:00:07"]

1. e4 c6 2. Nf3 d5 3. Nc3 Bg4 4. h3 Bxf3 5. Qxf3 e6 6. d4 dxe4 7. Qe3 Nf6 8. Nxe4 Nxe4 9. Qxe4 Nd7 10. c3 Be7 11. Bd3 Nf6 12. Qe2 O-O 13. O-O c5 14. dxc5 Bxc5 15. Bg5 h6 16. Bh4 Qe7 17. Rad1 Rfd8 18. Rd2 Rd5 19. Rfd1 Rad8 20. Bc2 Rxd2 21. Rxd2 Rxd2 22. Qxd2 Qd6 23. Qxd6 Bxd6 24. f3 Nd5 25. Bf2 a6 26. Kf1 Kf8 27. Be4 b5 28. Bd3 f5 29. a4 bxa4 30. Bxa6 Ke7 31. Bc4 a3 32. bxa3 Nxc3 33. Bd4 Nd5 34. Bxg7 Ne3+ 35. Kg1 Nxc4 36. Bxh6 Bc5+ 37. Kh2 Bxa3 38. g4 Bd6+ 39. Kg2 f4 40. h4 Ne3+ 41. Kf2 e5 42. Ke2 Nd5 43. Kd3 Ke6 44. Bg7 Ne3 45. Ke4 Ng2 46. h5 Ne1 47. h6 Kf7 48. Bxe5 Bxe5 49. Kxe5 Nxf3+ 50. Kxf4 Nd4 51. g5 Ne6+ 52. Kf5 Nxg5 53. Kxg5 Kg8 54. Kh5 Kh8 55. Kg6 Kg8 56. h7+ Kh8 57. Kh6 1/2-1/2


[Site "https://www.chess.com"]

[Event "Titled Tuesday Blitz March 29 Early 2022"]
[White "Sahil, Tickoo"]
[Black "Koridze, Lile"]
[WhiteFideId "5019710"]
[BlackFideId "13612514"]
[WhiteElo "2099"]
[BlackElo "1999"]
[Result "0-1"]
[Round "08"]
[TimeControl "180+1"]
[Date "2022.03.30"]
[WhiteClock "0:00:09"]
[BlackClock "0:02:01"]

1. d4 Nf6 2. Bf4 d5 3. e3 e6 4. Nd2 Bd6 5. Bg3 O-O 6. Ngf3 c5 7. c3 Nc6 8. Bd3 b6 9. e4 dxe4 10. Nxe4 Nxe4 11. Bxe4 Bb7 12. dxc5 Bxc5 13. Qe2 h6 14. Rd1 Qe7 15. b4 Nxb4 16. Bxb7 Qxb7 17. cxb4 Bxb4+ 18. Kf1 Rfd8 19. Rb1 a5 20. h3 Qd5 21. Kg1 Rac8 22. Kh2 Qh5 23. Rhd1 Qg6 24. Rxd8+ Rxd8 25. Rd1 Rc8 26. Ne5 Qf5 27. Rd7 Rc2 28. Qe3 Bc5 29. Qb3 Bxf2 30. Bxf2 Qxe5+ 31. Bg3 Qe2 32. Rd8+ Kh7 0-1


[Site "https://www.chess.com"]

[Event "Titled Tuesday Blitz March 29 Early 2022"]
[White "Sanal, Vahap"]
[Black "Pranav, V"]
[WhiteFideId "6300545"]
[BlackFideId "25060783"]
[WhiteElo "2603"]
[BlackElo "2349"]
[Result "1-0"]
[Round "08"]
[TimeControl "180+1"]
[Date "2022.03.29"]
[WhiteClock "0:00:18"]
[BlackClock "0:00:01"]

1. e4 e5 2. Nf3 Nc6 3. Bb5 a6 4. Ba4 Nf6 5. d3 d6 6. O-O g6 7. c3 Bg7 8. Re1 O-O 9. Be3 h6 10. h3 Kh8 11. Nbd2 Ng8 12. d4 f5 13. dxe5 f4 14. Bd4 dxe5 15. Bc5 Re8 16. Bxc6 bxc6 17. Nc4 Qf6 18. Qa4 a5 19. Rad1 Ba6 20. Ncxe5 Rxe5 21. Bd4 Bb5 22. Qc2 Qe6 23. Nxe5 Bxe5 24. c4 Ba6 25. Qc3 Bxd4 26. Qxd4+ Nf6 27. b3 Re8 28. f3 Bc8 29. Qd2 Qe5 30. Qd4 Qg5 31. Kf1 Kg8 32. Rd2 Nh5 33. Qf2 Kf7 34. Red1 Ng3+ 35. Kg1 Bxh3 36. gxh3 Nxe4+ 37. Qg2 Nxd2 38. Rxd2 Re1+ 39. Kh2 Qxg2+ 40. Kxg2 Kf6 41. Rd7 Re2+ 42. Kg1 Kg5 43. Rxc7 Kh4 44. Rxc6 g5 45. Kf1 Rxa2 46. Rxh6+ Kg3 47. Rg6 Kxf3 48. Ke1 Ke3 49. Re6+ Kd4 50. Rg6 Rg2 51. Ra6 Rg3 52. Rxa5 Ke3 53. Re5+ Kd4 54. Rd5+ Ke4 55. b4 Rxh3 56. Rxg5 Rh1+ 57. Kd2 Rh2+ 58. Kc3 f3 59. Rg1 Ke3 60. b5 Rg2 61. Re1+ Re2 62. Rh1 f2 63. Rf1 Ke4 64. b6 Kf3 65. c5 Re3+ 66. Kc4 Re1 67. Rxf2+ Kxf2 68. b7 Ra1 69. b8=Q 1-0


[Site "https://www.chess.com"]

[Event "Titled Tuesday Blitz March 29 Early 2022"]
[White "Sapunov, Evgeny"]
[Black "Gareyev, Timur"]
[WhiteFideId "4126661"]
[BlackFideId "14200937"]
[WhiteElo "2470"]
[BlackElo "2582"]
[Result "0-1"]
[Round "08"]
[TimeControl "180+1"]
[Date "2022.03.29"]
[WhiteClock "0:00:49"]
[BlackClock "0:00:41"]

1. Nf3 c5 2. c4 g6 3. d4 cxd4 4. Nxd4 Nc6 5. Nc2 Bg7 6. e4 d6 7. Be2 Be6 8. O-O Rc8 9. Ne3 Qb6 10. Na3 Nf6 11. Nd5 Qd4 12. Qxd4 Nxd4 13. Bd3 Ng4 14. f4 f5 15. h3 Nf6 16. exf5 Bxd5 17. cxd5 gxf5 18. Nb5 Nxd5 19. Nxa7 Rc5 20. a4 Nb4 21. Bb5+ Kf7 22. Rd1 Ra8 23. Be3 Nbc2 24. Bf2 Nxa1 25. Rxa1 Rxa7 26. Rd1 Nxb5 27. Bxc5 Rxa4 0-1


[Site "https://www.chess.com"]

[Event "Titled Tuesday Blitz March 29 Early 2022"]
[White "Sarana, Alexey"]
[Black "Salinas Herrera, Pablo"]
[WhiteFideId "24133795"]
[BlackFideId "3407128"]
[WhiteElo "2666"]
[BlackElo "2541"]
[Result "1-0"]
[Round "08"]
[TimeControl "180+1"]
[Date "2022.03.29"]
[WhiteClock "0:00:04"]
[BlackClock "0:00:04"]

1. d4 d5 2. c4 e6 3. Nc3 Nf6 4. Nf3 c6 5. e3 Nbd7 6. Qc2 Bd6 7. Be2 O-O 8. O-O Qe7 9. h3 b6 10. a4 Bb7 11. a5 Rac8 12. axb6 axb6 13. Ra7 Rb8 14. cxd5 exd5 15. Bd2 Rfe8 16. Rfa1 Nf8 17. Qb3 N6d7 18. Bd3 Ra8 19. e4 dxe4 20. Bxe4 Rxa7 21. Rxa7 Rb8 22. Bg5 Qe8 23. Qc4 Qc8 24. Ra1 Ra8 25. Re1 Qc7 26. d5 b5 27. Qe2 b4 28. dxc6 Bxc6 29. Nb5 Bxb5 30. Qxb5 Ra5 31. Qd3 Nc5 32. Qc4 Nxe4 33. Qxe4 h6 34. Be3 Ra2 35. Rc1 Qe7 36. Qc2 Qe6 37. Nd4 Qg6 38. Nf5 Qf6 39. Nxd6 Qxd6 40. Qb3 Ra5 41. Rd1 Qe7 42. Qc4 Ne6 43. g3 Ra8 44. h4 Qf6 45. b3 Qe7 46. Re1 Qb7 47. Rd1 Rc8 48. Qe2 Qc6 49. Qe1 Qb7 50. Bd2 Rb8 51. Be3 Rc8 52. Qe2 Rc3 53. Rb1 Qd5 54. Qd1 Rd3 55. Qc2 g5 56. hxg5 hxg5 57. Qc4 Qd6 58. Kf1 Rd1+ 59. Rxd1 Qxd1+ 60. Kg2 Qd6 61. Qe4 Kg7 62. g4 f6 63. Qb7+ Kg6 64. Qe4+ Kg7 65. Kf3 Qe7 66. Qd5 Kf7 67. Ke4 Qc7 68. Kd3 Qc3+ 69. Ke2 Qc2+ 70. Kf1 Qc3 71. Qd7+ Kg6 72. Qxe6 1-0


[Site "https://www.chess.com"]